 Dungeon Crawl Stone Soup version 0.18.1-8-gdd0e5ea (webtiles) character file.

25 deorigin the Changer (level 2, -2/21 HPs)
             Began as a Demonspawn Transmuter on June 5, 2016.
             Slain by a jackal (3 damage)
             ... on level 1 of the Dungeon.
             The game lasted 00:01:32 (1209 turns).

deorigin the Changer (Demonspawn Transmuter)        Turns: 1209, Time: 00:01:34

Health: -2/21      AC:  2    Str: 10    XL:     2   Next: 86%
Magic:  4/5        EV: 12    Int: 14    God:
Gold:   6          SH:  0    Dex: 13    Spells: 1 memorised, 4 levels left

rFire  . . .     SeeInvis .     m - +0 mace
rCold  . . .     Gourm    .     b - +0 robe
rNeg   . . .     Faith    .     (no shield)
rPois  .         Spirit   .     (no helmet)
rElec  .         Dismiss  .     (no cloak)
rCorr  .         Reflect  .     (no gloves)
SustAt .         Harm     .     (boots currently unavailable)
MR     .....                    (no amulet)
Stlth  +.........               (no ring)
                                (no ring)

@: appendage, not resistant to hostile enchantments, very unstealthy
A: talons 3, powered by pain 1
a: End Transformation


You were on level 1 of the Dungeon.
You were not hungry.
You had grown temporary talons.
You visited 1 branch of the dungeon, and saw 1 of its levels.

You collected 6 gold pieces.

Inventory:

Hand Weapons
 j - a +0 dagger
 k - a +0 short sword
 m - a +0 mace (weapon)
Missiles
 a - 12 arrows
Armour
 b - a +0 robe (worn)
Scrolls
 e - a scroll of fog {unknown}
 f - a scroll of immolation {unknown}
 n - 2 scrolls of identify {unknown}
Potions
 h - 2 potions of lignification {unknown}
Books
 c - a book of Changes

   Spells                             Type                      Level
   a - Beastly Appendage              Transmutation                1
   b - Sticks to Snakes               Transmutation                2
   c - Spider Form                    Transmutation/Poison         3
   d - Ice Form                       Ice/Transmutation            4
   e - Blade Hands                    Transmutation                5
Comestibles
 d - a bread ration
 g - a beef jerky
 i - a meat ration
 l - a slice of pizza
 o - 3 chunks of flesh


   Skills:
 - Level 1.0 Fighting
 - Level 1.7 Dodging
 - Level 2.6 Unarmed Combat
 - Level 2.0 Spellcasting
 + Level 3.1 Transmutations


You had 4 spell levels left.
You knew the following spells:

 Your Spells              Type           Power        Failure   Level  Hunger
a - Beastly Appendage     Trmt           ##....       10%         1    ##.....


Dungeon Overview and Level Annotations

Branches:
Dungeon (1/15)

Altars:


Innate Abilities, Weirdness & Mutations

You sometimes gain a little power by taking damage.
You have claws for feet.


Message History

Confirm with . or Enter, or press ? or * to list all spells.
Your feet morph into talons.
The jackal bites you but does no damage.
You barely miss the jackal. You claw the jackal.
The jackal is moderately wounded.
The jackal bites you.
* * * LOW HITPOINT WARNING * * *
The jackal barely misses you.
You hit the jackal.
You kill the jackal!
You closely miss the jackal. The jackal closely misses you.
A kobold opens the door.
The jackal closely misses you.
You closely miss the jackal.
The kobold shouts!
Your kick misses the jackal. The jackal bites you.
* * * LOW HITPOINT WARNING * * *
The kobold drinks a potion.
The kobold suddenly seems more resistant.
The jackal bites you.
You die...

# ### K# #.. ##'## #.#
##...## #.# ##.....##
#.#### ..#
##.......###.##.#
..>..####.........##.....
.......h@.........'......
.#...####.........####...
... ##.......## ##.# #
##.....## ### ##...##
###### ##+## #[.... #.#
#..... #.# #.###.
##.######.#⌠#.


You could see a jackal and a kobold.

Vanquished Creatures
  An ooze (D:1)
  A giant gecko (D:1)
  A bat (D:1)
  A giant cockroach (D:1)
  2 goblins (D:1)
  3 jackals (D:1)
  5 kobolds (D:1)
  2 giant newts (D:1)
  A rat (D:1)
17 creatures vanquished.

Notes
Turn   | Place    | Note
--------------------------------------------------------------
     0 | D:1      | deorigin the Demonspawn Transmuter began the quest for the Orb.
     0 | D:1      | Reached XP level 1. HP: 15/15 MP: 3/3
   225 | D:1      | Reached skill level 2 in Transmutations
   464 | D:1      | Gained mutation: You sometimes gain a little power by taking damage. [demonic ancestry]
   464 | D:1      | Reached XP level 2. HP: 11/21 MP: 3/5
  1182 | D:1      | Reached skill level 3 in Transmutations
  1209 | D:1      | HP: 1/21 [jackal (1)]
  1209 | D:1      | Slain by a jackal

Skill      XL: |  1  2 |
---------------+-------+-----
Transmutations | 2 3 |  3.1
Fighting       | |  1.0
Dodging        | |  1.7
Unarmed Combat | |  2.6
Spellcasting   | |  2.0

Action                   || total
-------------------------++-------
Melee: Unarmed           ||    14
       Short sword       ||     8
       Dagger            ||     4
       Kick              ||     5
       Headbutt          ||     3
       Mace              ||    34
 Cast: Beastly Appendage ||    13
 Stab: Sleeping          ||     1
  Eat: Chunk             ||     1
Armor: Robe              ||    10
Dodge: Dodged            ||    31
